 Dungeon Crawl Stone Soup version 0.27-a0-1442-g87b6fcb595 (webtiles) character file.

Game seed: 4586518339313505147

60 avis the Ruffian (level 3, 0/28 HPs)
             Began as a Demigod Transmuter on July 4, 2021.
             Succumbed to miscasting Spider Form's poison
             ... on level 2 of the Dungeon.
             The game lasted 00:08:15 (2233 turns).

avis the Ruffian (Demigod Transmuter)               Turns: 2233, Time: 00:08:16

Health: 0/28       AC:  3    Str: 15    XL:     3   Next: 57%
Magic:  5/8        EV: 12    Int: 15    God:
Gold:   76         SH:  0    Dex: 14    Spells: 2/6 levels left

rFire    . . .     SeeInvis .   b - +0 hunting sling
rCold    . . .     Faith    .   (no shield)
rNeg     . . .     Spirit   .   m - +0 leather armour
rPois    .         Reflect  .   (no helmet)
rElec    .         Harm     .   (no cloak)
rCorr    .         Rampage  .   (no gloves)
Will     .....                  (no boots)
Stlth    +.........             (no amulet)
HPRegen  0.09/turn              (no ring)
MPRegen  0.11/turn              (no ring)

@: lethally poisoned (0 -> -1), very slightly contaminated
A: high mp 1, forlorn
a: no special abilities


You were on level 2 of the Dungeon.
You visited 1 branch of the dungeon, and saw 3 of its levels.

You collected 76 gold pieces.

Inventory:

Hand Weapons
 b - a +0 hunting sling (weapon)
Missiles
 k - 86 stones (quivered ammo)
Armour
 a - a +0 robe
 m - a +0 leather armour (worn)
Scrolls
 c - a scroll of amnesia {unknown}
 d - a scroll of fog {unknown}
 g - 2 scrolls of teleportation {unknown}
 i - 3 scrolls of identify {unknown}
 j - a scroll of acquirement {unknown}
 l - a scroll of holy word {unknown}
 n - a scroll of silence {unknown}
Potions
 e - 2 potions of curing {unknown}
 f - a potion of resistance {unknown}
 h - 2 potions of heal wounds {unknown}


   Skills:
 - Level 1.0 Fighting
 - Level 2.0 Dodging
 * Level 3.9 Unarmed Combat
 - Level 2.0 Spellcasting
 - Level 2.0 Transmutations
 + Level 0.3 Poison Magic


You had 2 spell levels left.
You knew the following spells:

 Your Spells              Type           Power      Damage    Failure   Level
a - Beastly Appendage     Tmut           14%        N/A       12%         1
p - Spider Form           Tmut/Pois      2%         N/A       45%         3

Your spell library contained the following spells:

 Spells                   Type           Power      Damage    Failure   Level
 Wereblood                Tmut           7%         N/A       19%         2
 Ice Form                 Ice/Tmut       4%         N/A       87%         4


Dungeon Overview and Level Annotations

Branches:
Dungeon (3/15)


Innate Abilities, Weirdness & Mutations

Your attributes grow dramatically as you level up.
You have an increased reservoir of magic. (+10% MP)
You shall have no god before yourself.


Message History

Aim: a kobold, wielding a +0 dagger and quivering poisoned darts (50% to hit)
You shoot a stone. The stone barely misses the kobold.
You feel sick.
The kobold throws a poisoned dart.
The poisoned dart hits you!
You are more poisoned.
You feel very sick.
You feel very sick.
You feel very sick.
There is a stone staircase leading down here.
You feel sick.
You feel sick.
You feel sick.
You feel sick.
You feel sick.
You feel sick.
You feel sick.
You are no longer poisoned.
The adder misses you. The adder bites you but does no damage.
There is a stone staircase leading up here.
The adder barely misses you.
You climb upwards.
There is a stone staircase leading down here.
The adder barely misses you. The adder bites you.
* * * LOW HITPOINT WARNING * * *
The adder closely misses you.
You see here a +0 club.
Casting: Beastly Appendage (safe; 12% risk of failure)
Confirm with . or Enter, or press ? or * to list all spells.
The spell is extremely dangerous to cast (45% risk of failure)!
Continue anyway?
You miscast Spider Form.
You are very lightly contaminated with residual magic.
You feel odd.
You are poisoned.
* * * LOW HITPOINT WARNING * * *
x2 You feel sick.
The adder completely misses you.
* * * LOW HITPOINT WARNING * * *
You feel sick. The adder barely misses you.
Unknown command.
You die...

#.............#
#.###########.###
#.#......# #...#
#.#.####.# ###.# #.#.#
#.# #.# #.#.####.# #.#
#......#.# #.#
########.######.#
#..@<..#........#
#.##.#.#....#####
#.##S#.##.#'########
######.##)#.............#
#.........####..........#
#...).....# #..........#
#.........# #..........#
#.........# ##.#########
######.##.#####.######


You could see an adder.

Vanquished Creatures
  3 adders (D:2)
  A worm (D:2)
  A dart slug (D:2)
  2 giant cockroaches (D:2)
  3 goblins (D:1)
  A hobgoblin (D:2)
  6 jackals (D:2)
  3 ball pythons
  A bat (D:2)
  3 frilled lizards (D:2)
  3 kobolds
  A rat (D:2)
28 creatures vanquished.

Vanquished Creatures (others)
  A plant (D:2)
1 creature vanquished.

Grand Total: 29 creatures vanquished

Notes
Turn   | Place    | Note
-------+----------+-------------------------------------------
     0 | D:1      | avis the Demigod Transmuter began the quest for the Orb.
     0 | D:1      | Reached XP level 1. HP: 15/15 MP: 5/5
   590 | D:1      | Reached skill level 1 in Fighting
   590 | D:1      | Reached skill level 3 in Unarmed Combat
   940 | D:2      | Reached XP level 2. HP: 20/23 MP: 4/7
  1344 | D:2      | Reached XP level 3. HP: 25/28 MP: 5/8
  1648 | D:2      | Learned a level 3 spell: Spider Form
  2231 | D:2      | HP: 1/28 [poisoned by miscasting Spider Form]
  2233 | D:2      | Succumbed to miscasting Spider Form's poison

Illustrated notes

Levels and vault maps discovered:
D:1:      eino_arrival_cavern_e, layout_rooms, grunt_decor_junction,
          serial_park_tiny_1, chequers_serial_rivers_micro_a
D:2:      layout_basic, shapermc_ecumenical_altar_mp_ritualfount,
          feat_on_display
D:3:      layout_loops_ring, general_overflow_altar,
          lemuel_coloured_pillars_altar, uniq_natasha

Skill      XL: |  1  2 |
---------------+-------+-----
Fighting       | 1 |  1.0
Unarmed Combat | 3 |  3.9
Transmutations | 2 |  2.0
Spellcasting   | 2 |  2.0
Dodging        | 2 |  2.0
Poison Magic   | |  0.3

Action                   || total
-------------------------++-------
Melee: Unarmed           ||    62
       Kick              ||     7
       Headbutt          ||     8
 Fire: Hunting sling     ||     2
 Cast: Beastly Appendage ||    19
       Spider Form       ||     1
Armor: Leather armour    ||    10
       Skin              ||     1
Dodge: Dodged            ||    40

Table legend: (Time is in decaauts)
 A = Elapsed time spent in this place.
 B = Non-inter-level travel time spent in this place.
 C = Inter-level travel time spent in this place.
 D = Time resting spent in this place.
 E = Time spent auto-exploring this place.
 F = Levels seen in this place.
 G = Mean time per level.
                   A        B        C        D        E       F      G
               +--------+--------+--------+--------+--------+-----+--------+
         Total |   2232 |   2091 |    141 |    770 |   1027 |   3 |  744.0 |
       Dungeon |   2232 |   2091 |    141 |    770 |   1027 |   3 |  744.0 |
               +--------+--------+--------+--------+--------+-----+--------+

Top non-repeatable levels by time:
     D:2: 1342 daAuts
     D:1: 790 daAuts
     D:3: 99 daAuts
